BSA
BAFFIN ISLAND BEAVERS @ SO CAL BRUINS
03/13/2028
 
TOP OF THE 1ST
Baffin Island Beavers batting - Pitching for So Cal Henvy : RHP Jeffrey King
Pitching: RHP Jeffrey King
Batting: LHB José Rodríguez 0-0: Ball
1-0: Swinging Strike
1-1: Ball
2-1: Ball
3-1: Swinging Strike
3-2: Strikes out swinging
Batting: LHB Norberto Muñóz 0-0: Called Strike
0-1: Ball
1-1: Swinging Strike
1-2: Ball
2-2: SINGLE (Line Drive, 9)
Batting: LHB Robert Phillips 0-0: Ball
1-0: Ball
2-0: Called Strike
2-1: Ball
3-1: Foul Ball, location: 2F
3-2: Base on Balls
Norberto Muñóz to second
Batting: RHB Dave Craig 0-0: Ball
1-0: Ball
2-0: TRIPLE (Flyball, 8LXD)
Norberto Muñóz scores
Robert Phillips scores
Batting: LHB Lorenzo Villa 0-0: Called Strike
0-1: Swinging Strike
0-2: Foul Ball, location: 2F
0-2: Ball
1-2: Strikes out swinging
Batting: SHB Alonso Ferreira 0-0: Called Strike
0-1: Fly out, F3 (Popup, 3S)
Top of the 1st over - 2 run(s), 2 hit(s), 0 error(s), 1 left on base; Baffin Island 2 - So Cal 0
BOTTOM OF THE 1ST
So Cal Henvy batting - Pitching for Baffin Island Beavers : RHP Robert Reeves
Pitching: RHP Robert Reeves
Batting: RHB William Richardson 0-0: Swinging Strike
0-1: Foul Ball, location: 2F
0-2: Ball
1-2: Ball
2-2: Ground out 6-3 (Groundball, 6)
Batting: RHB Rubén Calderón 0-0: Ball
1-0: Called Strike
1-1: SOLO HOME RUN (Flyball, 7D), Distance : 376 ft
Batting: RHB Earl Wiggins 0-0: Called Strike
0-1: Swinging Strike
0-2: Foul Ball, location: 2F
0-2: Ball
1-2: Ball
2-2: Fly out, F9 (Flyball, 9S)
Batting: RHB Morgan Gibbon 0-0: Swinging Strike
0-1: Ball
1-1: Ball
2-1: Foul Ball, location: 2F
2-2: Ball
3-2: Base on Balls
Batting: LHB Joaquín González 0-0: Called Strike
0-1: Swinging Strike
0-2: Ball
1-2: Strikes out swinging
Bottom of the 1st over - 1 run(s), 1 hit(s), 0 error(s), 1 left on base; Baffin Island 2 - So Cal 1
TOP OF THE 2ND
Baffin Island Beavers batting - Pitching for So Cal Henvy : RHP Jeffrey King
Batting: RHB José Aguilera 0-0: Called Strike
0-1: Foul Ball, location: 2F
0-2: Strikes out looking
Batting: LHB Mike MacFadden 0-0: Ground out 4-3 (Groundball, 4)
Batting: LHB Howard Evans 0-0: Ball
1-0: Called Strike
1-1: Ball
2-1: Fly out, F8 (Flyball, 8LM)
Top of the 2nd over - 0 run(s), 0 hit(s), 0 error(s), 0 left on base; Baffin Island 2 - So Cal 1
BOTTOM OF THE 2ND
So Cal Henvy batting - Pitching for Baffin Island Beavers : RHP Robert Reeves
Batting: RHB Júlio Caraballo 0-0: Ground out 4-3 (Groundball, 4)
Batting: RHB Jonathan MacVey 0-0: Ball
1-0: Foul Ball, location: 2F
1-1: Fly out, F7 (Flyball, 7LM)
Batting: LHB Bryan Foster 0-0: Foul Ball, location: 2F
0-1: Ball
1-1: Swinging Strike
1-2: Ball
2-2: Ground out 4-3 (Groundball, 34)
Bottom of the 2nd over - 0 run(s), 0 hit(s), 0 error(s), 0 left on base; Baffin Island 2 - So Cal 1
TOP OF THE 3RD
Baffin Island Beavers batting - Pitching for So Cal Henvy : RHP Jeffrey King
Batting: LHB José Rodríguez 0-0: Called Strike
0-1: Ball
1-1: Foul Ball, location: 2F
1-2: Foul Ball, location: 2F
1-2: SINGLE (Groundball, 4D)
Batting: LHB Norberto Muñóz 0-0: Called Strike
0-1: Ball
1-1: Fly out, F9 (Flyball, 9S)
Batting: LHB Robert Phillips 0-0: Ball
1-0: Called Strike
1-1: SINGLE (Groundball, 34) (infield hit)
José Rodríguez to second
Batting: RHB Dave Craig 0-0: Ball
1-0: Swinging Strike
1-1: Swinging Strike
1-2: Foul Ball, location: 2F
1-2: Foul Ball, location: 2F
1-2: Ball
2-2: Ball
3-2: Foul Ball, location: 2F
3-2: Foul Ball, location: 2F
3-2: 3-RUN HOME RUN (Flyball, 78XD) (Inside the Park)
Batting: LHB Lorenzo Villa 0-0: Ball
1-0: Called Strike
1-1: Foul Ball, location: 2F
1-2: Ball
2-2: Ball
3-2: DOUBLE (Line Drive, 78D)
Pitching: RHP Masahiko Okada
Batting: SHB Alonso Ferreira 0-0: Foul Ball, location: 2F
0-1: Swinging Strike
0-2: Foul Ball, location: 2F
0-2: Ball
1-2: Ball
2-2: Ball
3-2: Foul Ball, location: 2F
3-2: Foul Ball, location: 2F
3-2: Ground out U3 (Groundball, 3S)
Lorenzo Villa to third
Batting: RHB José Aguilera 0-0: Foul Ball, location: 2F
0-1: Swinging Strike
0-2: Ball
1-2: Strikes out swinging
Top of the 3rd over - 3 run(s), 4 hit(s), 0 error(s), 1 left on base; Baffin Island 5 - So Cal 1
BOTTOM OF THE 3RD
So Cal Henvy batting - Pitching for Baffin Island Beavers : RHP Robert Reeves
Batting: LHB Ethan Marshall 0-0: Ball
1-0: Called Strike
1-1: Swinging Strike
1-2: Foul Ball, location: 2F
1-2: Ball
2-2: Strikes out swinging
Batting: RHB William Richardson 0-0: Foul Ball, location: 2F
0-1: Ball
1-1: Ball
2-1: Ball
3-1: Foul Ball, location: 2F
3-2: Foul Ball, location: 2F
3-2: Ground out 3-1 (Groundball, 34)
Batting: RHB Rubén Calderón 0-0: Ground out 1-3 (Groundball, 13S)
Bottom of the 3rd over - 0 run(s), 0 hit(s), 0 error(s), 0 left on base; Baffin Island 5 - So Cal 1
TOP OF THE 4TH
Baffin Island Beavers batting - Pitching for So Cal Henvy : RHP Masahiko Okada
Batting: LHB Mike MacFadden 0-0: Ground out 3-1 (Groundball, 34)
Batting: LHB Howard Evans 0-0: Called Strike
0-1: Ball
1-1: Ball
2-1: Ball
3-1: Base on Balls
Batting: LHB José Rodríguez 0-0: Fly out, F8 (Flyball, 89D)
Batting: LHB Norberto Muñóz 0-0: Swinging Strike
0-1: Swinging Strike
0-2: Ball
1-2: Foul Ball, location: 2F
1-2: Ball
2-2: Foul Ball, location: 2F
2-2: Ground out U3 (Groundball, 3)
Top of the 4th over - 0 run(s), 0 hit(s), 0 error(s), 1 left on base; Baffin Island 5 - So Cal 1
BOTTOM OF THE 4TH
So Cal Henvy batting - Pitching for Baffin Island Beavers : RHP Robert Reeves
Batting: RHB Earl Wiggins 0-0: Called Strike
0-1: Ball
1-1: Foul Ball, location: 2F
1-2: Fly out, F8 (Line Drive, 8RD)
Batting: RHB Morgan Gibbon 0-0: Called Strike
0-1: Foul Ball, location: 2F
0-2: Ball
1-2: Ground out 5-3 (Groundball, 5)
Batting: LHB Joaquín González 0-0: Called Strike
0-1: Ball
1-1: Ball
2-1: Foul Ball, location: 2F
2-2: Foul Ball, location: 2F
2-2: SINGLE (Groundball, 34D)
Batting: RHB Júlio Caraballo 0-0: Foul Ball, location: 2F
0-1: Ball
1-1: Foul Ball, location: 2F
1-2: Foul Ball, location: 2F
1-2: Foul Ball, location: 2F
1-2: Strikes out swinging
Bottom of the 4th over - 0 run(s), 1 hit(s), 0 error(s), 1 left on base; Baffin Island 5 - So Cal 1
TOP OF THE 5TH
Baffin Island Beavers batting - Pitching for So Cal Henvy : RHP Masahiko Okada
Batting: LHB Robert Phillips 0-0: Called Strike
0-1: Ball
1-1: Ball
2-1: Foul Ball, location: 2F
2-2: Foul Ball, location: 2F
2-2: Foul Ball, location: 2F
2-2: Strikes out looking
Batting: RHB Dave Craig 0-0: Ball
1-0: Called Strike
1-1: Ball
2-1: SINGLE (Groundball, 6MD)
Batting: LHB Lorenzo Villa 0-0: Ball
1-0: Called Strike
1-1: Swinging Strike
1-2: Fly out, F9 (Flyball, 9LMF)
Batting: SHB Alonso Ferreira 0-0: Called Strike
0-1: Called Strike
0-2: Ball
1-2: Ball
2-2: Ball
3-2: Foul Ball, location: 2F
3-2: Fly out, F3 (Line Drive, 3L)
Top of the 5th over - 0 run(s), 1 hit(s), 0 error(s), 1 left on base; Baffin Island 5 - So Cal 1
BOTTOM OF THE 5TH
So Cal Henvy batting - Pitching for Baffin Island Beavers : RHP Robert Reeves
Pitching: RHP Luis Féliz
Batting: RHB Jonathan MacVey 0-0: Foul Ball, location: 2F
0-1: Ground out 6-3 (Groundball, 6)
Batting: LHB Bryan Foster 0-0: Called Strike
0-1: Ball
1-1: Called Strike
1-2: Ground out U3 (Groundball, 3)
Batting: LHB Ethan Marshall 0-0: Called Strike
0-1: Fly out, F6 (Popup, 5D)
Bottom of the 5th over - 0 run(s), 0 hit(s), 0 error(s), 0 left on base; Baffin Island 5 - So Cal 1
TOP OF THE 6TH
Baffin Island Beavers batting - Pitching for So Cal Henvy : RHP Masahiko Okada
Batting: RHB José Aguilera 0-0: DOUBLE (Flyball, 9D)
Batting: LHB Mike MacFadden 0-0: Ball
1-0: Foul Ball, location: 2F
1-1: Ground out U3 (Groundball, 3)
José Aguilera to third
Batting: LHB Howard Evans 0-0: Intentional Walk
Pitching: RHP Jerry Good
Pinch Hitting: LHB Keng-chi Lao 0-0: SINGLE (Groundball, 34D)
José Aguilera scores
Howard Evans to second
Runner from 2nd tries for 3rd, SAFE, throw made to third
Pinch Hitting: SHB Ron Edwards 0-0: Ball
1-0: Foul Ball, location: 2F
1-1: Foul Ball, location: 2F
1-2: Foul Ball, location: 2F
1-2: Strikes out swinging
Batting: RHB Raúl Soto 0-0: Swinging Strike
0-1: Ball
1-1: Foul Ball, location: 2F
1-2: Ball
2-2: Ball
3-2: Strikes out looking
Top of the 6th over - 1 run(s), 2 hit(s), 0 error(s), 2 left on base; Baffin Island 6 - So Cal 1
BOTTOM OF THE 6TH
So Cal Henvy batting - Pitching for Baffin Island Beavers : RHP Luis Féliz
Now in LF: T.J. Richardson
Now in RF: Jeffrey Barker
Batting: RHB William Richardson 0-0: Ball
1-0: Foul Ball, location: 2F
1-1: Ball
2-1: Ball
3-1: Base on Balls
Batting: RHB Rubén Calderón 0-0: Ball
William Richardson steals 2nd base
1-0: Called Strike
1-1: Ball
2-1: Fly out, F9 (Flyball, 9LMF)
Batting: RHB Earl Wiggins 0-0: Ball
1-0: Called Strike
1-1: Called Strike
1-2: Foul Ball, location: 2F
1-2: Strikes out swinging
Batting: RHB Morgan Gibbon 0-0: Ball
1-0: SINGLE (Groundball, 4D)
William Richardson to third
Runner from 3rd tries for Home, SAFE, no throw
Batting: LHB Joaquín González 0-0: Ball
1-0: Ground out 4-3 (Groundball, 34)
Bottom of the 6th over - 1 run(s), 1 hit(s), 0 error(s), 1 left on base; Baffin Island 6 - So Cal 2
TOP OF THE 7TH
Baffin Island Beavers batting - Pitching for So Cal Henvy : RHP Jerry Good
Pinch Hitting: RHB Ángelo García 0-0: Called Strike
0-1: Foul Ball, location: 2F
0-2: Ball
1-2: Strikes out swinging
Pinch Hitting: RHB Tomás Díaz 0-0: Called Strike
0-1: Ball
1-1: Swinging Strike
1-2: SINGLE (Groundball, 56D)
Pitching: RHP Alejandro Méndez
Pinch Hitting: SHB Emílio Calvillo 0-0: Ball
1-0: Foul Ball, location: 2F
1-1: Swinging Strike
1-2: Strikes out swinging
Pinch Hitting: SHB Garrett Waller 0-0: Foul Ball, location: 2F
0-1: Ball
1-1: Swinging Strike
1-2: Strikes out swinging
Top of the 7th over - 0 run(s), 1 hit(s), 0 error(s), 1 left on base; Baffin Island 6 - So Cal 2
BOTTOM OF THE 7TH
So Cal Henvy batting - Pitching for Baffin Island Beavers : RHP Luis Féliz
Now at 1B: Ángelo García
Now at 2B: Emílio Calvillo
Now at SS: Tomás Díaz
Now in LF: Garrett Waller
Batting: RHB Júlio Caraballo 0-0: Fly out, F8 (Line Drive, 89M)
Batting: RHB Jonathan MacVey 0-0: Ball
1-0: Ball
2-0: Ball
3-0: Called Strike
3-1: Foul Ball, location: 2F
3-2: Foul Ball, location: 2F
3-2: Reached on error, E6 (Groundball, 6)
Batting: LHB Bryan Foster 0-0: Ball
1-0: Foul Ball, location: 2F
1-1: Foul Ball, location: 2F
1-2: Strikes out swinging
Batting: LHB Ethan Marshall 0-0: Called Strike
0-1: Fly out, F8 (Flyball, 8RD)
Bottom of the 7th over - 0 run(s), 0 hit(s), 1 error(s), 1 left on base; Baffin Island 6 - So Cal 2
TOP OF THE 8TH
Baffin Island Beavers batting - Pitching for So Cal Henvy : RHP Alejandro Méndez
Batting: LHB Mike MacFadden 0-0: Called Strike
0-1: Foul Ball, location: 2F
0-2: Strikes out swinging
Pinch Hitting: RHB Jason Ward 0-0: SINGLE (Flyball, 7S)
Batting: LHB T.J. Richardson 0-0: SINGLE (Groundball, 56D)
Jason Ward to second
Batting: RHB Jeffrey Barker 0-0: Ball
1-0: Called Strike
1-1: Foul Ball, location: 2F
1-2: Strikes out swinging
Batting: RHB Raúl Soto 0-0: Called Strike
0-1: Called Strike
0-2: Ball
1-2: Strikes out swinging
Top of the 8th over - 0 run(s), 2 hit(s), 0 error(s), 2 left on base; Baffin Island 6 - So Cal 2
BOTTOM OF THE 8TH
So Cal Henvy batting - Pitching for Baffin Island Beavers : RHP Luis Féliz
Pitching: RHP Steve Griffin
Now at 3B: Sam Elder
Pinch Hitting: RHB Ron Shelton 0-0: Called Strike
0-1: Called Strike
0-2: Ground out 6-3 (Groundball, 6)
Batting: RHB Rubén Calderón 0-0: Swinging Strike
0-1: Swinging Strike
0-2: Foul Ball, location: 2F
0-2: Strikes out swinging
Batting: RHB Earl Wiggins 0-0: Ball
1-0: Swinging Strike
1-1: Foul Ball, location: 2F
1-2: Strikes out swinging
Bottom of the 8th over - 0 run(s), 0 hit(s), 0 error(s), 0 left on base; Baffin Island 6 - So Cal 2
TOP OF THE 9TH
Baffin Island Beavers batting - Pitching for So Cal Henvy : RHP Alejandro Méndez
Now in RF: Terry White
Batting: RHB Ángelo García 0-0: Called Strike
0-1: Called Strike
0-2: Strikes out swinging
Batting: RHB Tomás Díaz 0-0: Called Strike
0-1: Fly out, F7 (Flyball, 7LM)
Batting: SHB Emílio Calvillo 0-0: Called Strike
0-1: Ball
1-1: Foul Ball, location: 2F
1-2: Ball
2-2: Strikes out swinging
Top of the 9th over - 0 run(s), 0 hit(s), 0 error(s), 0 left on base; Baffin Island 6 - So Cal 2
BOTTOM OF THE 9TH
So Cal Henvy batting - Pitching for Baffin Island Beavers : RHP Steve Griffin
Batting: RHB Morgan Gibbon 0-0: Ball
1-0: Called Strike
1-1: Foul Ball, location: 2F
1-2: Strikes out swinging
Batting: LHB Joaquín González 0-0: Called Strike
0-1: SINGLE (Groundball, 56D)
Pinch Hitting: RHB Juan Valverde 0-0: Ball
1-0: Ball
2-0: Called Strike
2-1: Foul Ball, location: 2F
2-2: Ball
3-2: Base on Balls
Joaquín González to second
Pitching: LHP Brent Miller
Pinch Hitting: SHB Héctor Barajas 0-0: Foul Ball, location: 2F
0-1: Swinging Strike
0-2: Ball
1-2: Strikes out swinging
Batting: LHB Bryan Foster 0-0: Foul Ball, location: 2F
0-1: Foul Ball, location: 2F
0-2: Ball
1-2: Strikes out looking
Bottom of the 9th over - 0 run(s), 1 hit(s), 0 error(s), 2 left on base; Baffin Island 6 - So Cal 2
Tuesday, August 8th, 2017 - OOTP Baseball 17.12 Build 75